 Dungeon Crawl Stone Soup version 0.27.1-33-g824d729ab1 (webtiles) character file.

Game seed: 9338710144483065723

198 lordive the Insei (level 5, 0/33 HPs)
             Began as an Octopode Transmuter on Dec 26, 2021.
             Slain by a quokka (4 damage)
             ... on level 3 of the Dungeon.
             The game lasted 00:05:08 (3004 turns).

lordive the Insei (Octopode Transmuter)             Turns: 3004, Time: 00:05:09

Health: 0/33       AC:  1    Str:  9    XL:     5   Next: 76%
Magic:  9/9        EV: 13    Int: 16    God:
Gold:   81         SH:  5    Dex: 13    Spells: 5/9 levels left

rFire    . . .     SeeInvis .     - Unarmed
rCold    . . .     Faith    .   (no shield)
rNeg     . . .     Spirit   .   (helmet restricted)
rPois    .         Reflect  +   e - amulet of reflection
rElec    .         Harm     .   (no ring)
rCorr    .         Rampage  .   (no ring)
Will     .....                  (no ring)
Stlth    +++.......             (no ring)
HPRegen  0.11/turn              (no ring)
MPRegen  0.11/turn              (no ring)
                                (no ring)
                                (no ring)

@: no status effects
A: almost no armour, amphibious, 8 rings, camouflage 1, gelatinous body 1,
(nimble swimmer 1), tentacles
a: no special abilities


You were on level 3 of the Dungeon.
You visited 1 branch of the dungeon, and saw 4 of its levels.

You collected 81 gold pieces.

Inventory:

Jewellery
 e - an amulet of reflection (around mantle)
Wands
 h - a wand of mindburst (18)
Scrolls
 b - 2 scrolls of identify {unknown}
 g - a scroll of teleportation {unknown}
 i - a scroll of enchant armour {unknown}
Potions
 a - a potion of attraction {unknown}
 c - a potion of magic {unknown}
 d - a potion of flight {unknown}
 f - 2 potions of degeneration {unknown}
 j - a potion of haste {unknown}


   Skills:
 + Level 1.2 Fighting
 + Level 2.6 Dodging
 + Level 2.4 Stealth
 + Level 0.5 Shields
 + Level 4.0 Unarmed Combat
 + Level 2.6 Spellcasting
 * Level 3.6 Transmutations


You had 5 spell levels left.
You knew the following spells:

 Your Spells              Type           Power      Damage    Failure   Level
a - Beastly Appendage     Tmut           26%        N/A       4%          1
b - Spider Form           Tmut/Pois      3%         N/A       28%         3

Your spell library contained the following spells:

 Spells                   Type           Power      Damage    Failure   Level
 Wereblood                Tmut           13%        N/A       7%          2
 Freeze                   Ice            8%         1d3       21%         1
 Static Discharge         Conj/Air       2%         N/A       30%         2
 Frozen Ramparts          Ice            4%         1d2       52%         3
 Ice Form                 Ice/Tmut       7%         N/A       67%         4
 Dispel Undead            Necr           2%         3d7       89%         4
 Hailstorm                Conj/Ice       2%         3d3       89%         4
 Sticky Flame             Conj/Fire      2%         2d3       89%         4


Dungeon Overview and Level Annotations

Branches:
Dungeon (4/15)
 Temple: D:4-7

Altars:
Wu Jian
Yredelemnul

Annotations:
D:4 1 runed translucent door


Innate Abilities, Weirdness & Mutations

You cannot wear most types of armour.
You are amphibious.
You can wear up to eight rings at the same time.
Your skin changes colour to match your surroundings (Stealth+).
Your rubbery body absorbs attacks. (AC +1, EV +1)
((You are camouflaged near water. (Stealth+)))
You have tentacles for arms and can constrict up to eight enemies at once.


Message History

You squeeze the ball python.
You kill the ball python!
You start resting.
Magic restored.
You start resting.
A gnoll is nearby!
Casting: Beastly Appendage (safe; 4% risk of failure)
Confirm with . or Enter, or press ? or * to list all spells.
You extend your transformation's duration.
The gnoll completely misses you.
A quokka, a scorpion and a hobgoblin come into view.
The gnoll hits you with a +0 halberd.
The hobgoblin moves out of view.
You see here a +0 club.
You tentacle-slap the gnoll. You grab the gnoll.
You squeeze the gnoll, but do no damage.
The gnoll is moderately wounded.
You constrict the gnoll. The gnoll hits you with a +0 halberd!
You tentacle-slap the gnoll.
The gnoll is almost dead.
You constrict the gnoll, but do no damage.
The gnoll barely misses you.
You barely miss the gnoll.
The gnoll is almost dead.
You constrict the gnoll.
You kill the gnoll!
There is an open door here.
The quokka bites you.
* * * LOW HITPOINT WARNING * * *
Your transformation is almost over.
The quokka bites you.
* * * LOW HITPOINT WARNING * * *
Your tentacle spike disappears.
You block the quokka's attack.
There is an open door here.
The orc shouts! x2
The quokka bites you.
* * * LOW HITPOINT WARNING * * *
There is a stone staircase leading up here.
The quokka bites you.
You die...

#.......# #.......#'#####
#.......# #######...###......#
#.......####.......#.#<#......#
######....##.......#.#)#......#
#....##......)'..['......#
#.#####...o...##.##......#
#.##..+...o)..+...###.####
#..#.##...o...##..###.#
#####.#.#...r@...........#
#.....#.#...s............#
#.#####.#................# #.#
#....##########'##.#
####.#####.g..# #..#.#
......#..'....# ##.#.#
........##....# #.#.#
#######.####### #...# # ### #.#
##..#


You could see a scorpion, 3 orcs, a quokka and a hobgoblin.

Vanquished Creatures
  A water moccasin skeleton (D:4)
  A hound (D:4)
  An orc priest (D:3)
  An orc wizard (D:2)
  2 gnolls (D:3)
  3 dart slugs
  3 ball pythons
  2 bats (D:1)
  6 endoplasms
  4 giant cockroaches
  7 goblins
  2 hobgoblins
  2 kobolds
  2 kobold zombies (D:4)
  A rat (D:3)
38 creatures vanquished.

Vanquished Creatures (others)
  9 plants (D:3)
9 creatures vanquished.

Grand Total: 47 creatures vanquished

Notes
Turn   | Place    | Note
-------+----------+-------------------------------------------
     0 | D:1      | lordive the Octopode Transmuter began the quest for the
                  | Orb.
     0 | D:1      | Reached XP level 1. HP: 13/13 MP: 3/3
   433 | D:1      | Reached XP level 2. HP: 17/18 MP: 3/5
   534 | D:1      | Reached skill level 1 in Stealth
  1230 | D:2      | Reached XP level 3. HP: 21/23 MP: 6/6
  1253 | D:2      | You fall into a shaft and drop 2 floors!
  1253 | D:4      | Noticed a wyvern
  1285 | D:4      | Found a runed translucent door.
  1285 | D:4      | Noticed a human
  1290 | D:4      | Found a basalt altar of Yredelemnul.
  1316 | D:4      | Reached XP level 4. HP: 17/28 MP: 5/7
  1615 | D:4      | Learned a level 3 spell: Spider Form
  1959 | D:2      | Reached XP level 5. HP: 32/33 MP: 8/8
  2704 | D:3      | Reached skill level 4 in Unarmed Combat
  2875 | D:3      | Found an ornate altar of the Wu Jian Council.
  3004 | D:3      | Slain by a quokka

Illustrated notes

Levels and vault maps discovered:
D:1:      matt_arrival_spirals, layout_basic
D:2:      layout_basic
D:3:      layout_basic, lemuel_doored_altar, chequers_ecumenical_altar_grove,
          minmay_curled_crystal, serial_bayou_pond_b
D:4:      layout_loops_ring, nicolae_hepliaklqana_ecumenical_no_more,
          dk_yredelemnul_ordeal, serial_shops, shop, uniq_sigmund

Skill      XL: |  1  2  3  4  5 |
---------------+----------------+-----
Stealth        | 1 2 |  2.4
Transmutations | 3 |  3.6
Unarmed Combat | 4 |  4.0
Fighting       | |  1.2
Dodging        | |  2.6
Shields        | |  0.5
Spellcasting   | |  2.6

Action                   |  1- 3 |  4- 6 || total
-------------------------+-------+-------++-------
Melee: Unarmed           |    47 |    56 ||   103
       Constrict         |    11 |    11 ||    22
       Tentacles         |     9 |    10 ||    19
       Kick              |    13 |    10 ||    23
       Punch             |       |     1 ||     1
 Cast: Beastly Appendage |    14 |    11 ||    25
 Stab: Sleeping          |     3 |     2 ||     5
Armor: Skin              |       |     1 ||     1
Dodge: Dodged            |    16 |    24 ||    40
Block: Other             |     7 |     8 ||    15
       Reflection        |       |     1 ||     1
